 Dungeon Crawl Stone Soup version 0.26-a0-639-g72c4674329 (webtiles) character file.

Game seed: 6099265501161975626

2873682 Flugslaktarn the Warrior (level 21, 216/219 HPs)
             Began as a Deep Dwarf Fighter on Sept 27, 2020.
             Was the Champion of Makhleb.
             Escaped with the Orb
             ... and 3 runes!
             The game lasted 00:23:57 (25203 turns).

Flugslaktarn the Warrior (Deep Dwarf Fighter)      Turns: 25203, Time: 00:23:57

Health: 216/219    AC: 49    Str: 30    XL:     21   Next: 57%
Magic:  11/11      EV: 14    Int:  9    God:    Makhleb [******]
Gold:   754        SH: 31    Dex: 12    Spells: 20/20 levels left

rFire    + . .     SeeInvis .   D - +7 broad axe
rCold    + . .     Faith    .   T - +3 tower shield
rNeg     + . .     Spirit   .   R - +9 scales of the Dragon King {rPois rF+ rC+ MR+}
rPois    +         Reflect  +   E - +2 helmet
rElec    .         Harm     .   a - +2 cloak
rCorr    .         Rampage  .   c - +2 pair of gloves of the Elephant {MR+}
MR       +++++                  j - +2 pair of boots
Stlth    ..........             N - amulet of reflection
HPRegen  0.00/turn              v - +4 ring of evasion
MPRegen  0.12/turn              I - ring "Vegaots" {rPois AC+4 Str+2}

@: non-regenerating
A: damage resistance, heal wounds, negative energy resistance 1, sense
surroundings 3, weak 1, no regeneration
0: Orb of Zot
}: 3/15 runes: serpentine, barnacled, abyssal
a: Heal Wounds, Minor Destruction, Lesser Servant of Makhleb, Major Destruction,
Greater Servant of Makhleb, Renounce Religion


You escaped.
You worshipped Makhleb.
Makhleb was exalted by your worship.
You visited 8 branches of the dungeon, and saw 39 of its levels.
You visited the Abyss 1 time.
You also visited: Volcano.

You collected 4019 gold pieces.
You spent 3265 gold pieces at shops.

Inventory:

Hand Weapons
 D - a +7 broad axe (weapon)
   (You took it off an orc warrior on level 9 of the Dungeon)
Missiles
 u - 9 throwing nets (quivered)
Armour
 a - a +2 cloak (worn)
   (You found it on level 10 of the Dungeon)
 c - the +2 pair of gloves of the Elephant (worn) {MR+}
   (You found it on level 4 of the Realm of Zot)

   It affects your resistance to hostile enchantments.
 j - a +2 pair of boots (worn)
   (You found it on level 4 of the Dungeon)
 E - a +2 helmet (worn)
   (You found it on level 11 of the Dungeon)
 R - the +9 scales of the Dragon King (worn) {rPois rF+ rC+ MR+}
   (You bought it in a shop on level 6 of the Dungeon)

   It protects you from fire.
   It protects you from cold.
   It protects you from poison.
   It affects your resistance to hostile enchantments.
 T - a +3 tower shield (worn)
   (You took it off Louise on level 1 of the Depths)
Jewellery
 f - an uncursed ring of protection from fire
   (You found it on level 13 of the Dungeon)
 i - an uncursed ring of see invisible
   (You found it on level 7 of the Dungeon)
 k - an uncursed ring of resist corrosion
   (You found it on level 4 of the Dungeon)
 v - a +4 ring of evasion (left hand)
   (You found it on level 13 of the Dungeon)
 I - the ring "Vegaots" (right hand) {rPois AC+4 Str+2}
   (You found it on level 14 of the Dungeon)

   [ring of protection]

   It affects your AC (+4).
   It affects your strength (+2).
   It protects you from poison.
 N - an amulet of reflection (around neck)
   (You found it on level 4 of the Dungeon)
Wands
 y - a wand of paralysis (27)
   (You found it on level 7 of the Dungeon)
 C - a wand of iceblast (40)
   (You found it on level 9 of the Dungeon)
 H - a wand of enslavement (16)
   (You found it on level 14 of the Dungeon)
 K - a wand of digging (15)
   (You found it on level 6 of the Dungeon)
Scrolls
 t - 11 scrolls of teleportation
 x - 11 scrolls of remove curse
 z - 5 scrolls of blinking
 A - 5 scrolls of immolation
 G - 2 scrolls of summoning
 M - 4 scrolls of fog
 O - 2 scrolls of holy word
 S - 2 scrolls of fear
Potions
 d - 6 potions of might
 e - 2 potions of magic
 g - 3 potions of lignification
 h - 4 potions of haste
 l - 2 potions of flight
 n - 8 potions of resistance
 q - 9 potions of curing
 w - 2 potions of heal wounds
 B - 2 potions of cancellation
 J - 4 potions of ambrosia
 L - 2 potions of invisibility
 P - 3 potions of berserk rage
 Q - 3 potions of mutation
Miscellaneous
 F - a condenser vane (2/2)
   (You bought it in a shop on level 6 of the Dungeon)


   Skills:
 * Level 20.0 Fighting
 - Level 18.0 Axes
 + Level 17.3 Armour
 - Level 11.0 Dodging
 + Level 17.3 Shields
 - Level 15.0 Invocations
 - Level 10.0 Evocations


You had 20 spell levels left.
You didn't know any spells.
Your spell library was empty.

Dungeon Overview and Level Annotations

Branches:
Dungeon (15/15)            Temple (1/1) D:7            Lair (3/6) D:10
 Shoals (4/4) Lair:3        Snake (4/4) Lair:3          Orc (2/2) D:9
    Elf (0/3) Orc:2        Vaults (0/5) D:14         Depths (5/5) D:15
    Zot (5/5) Depths:5    Volcano (visited)

Altars:
Cheibriados
Elyvilon
Gozag
Hepliaklqana
Makhleb
Nemelex Xobeh
Qazlal
Ru
Sif Muna
Uskayaw
Vehumet
Wu Jian
Xom
Yredelemnul
Zin
The Shining One
Beogh

Shops:
D:6 [}   Orc:2 !!*}   Snake:2 :

Portals:
Hell: Depths:5
Abyss: Depths:4
Pandemonium: Depths:5

Annotations:
Depths:4 6 runed translucent doors


Innate Abilities, Weirdness & Mutations

You are resistant to damage.
You can heal yourself by infusing magical energy.
You resist negative energy. (rN+)
You passively map a large area around you.
You do not regenerate.
You are weak. (Str -2)


Message History

(D) Dungeon (T) Temple (L) Lair (A) Shoals (P) Snake Pit (O) Orcish Mines (E) Elven Halls (V) Vaults (U) Depths (H) Hell (Z) Zot
Where to? (Enter - D:1 @ (x,y), ? - help)
A hellion and a pandemonium lord come into view.
Laleihoa moves out of view.
The hellion moves out of view.
Laleihoa is nearby!
Laleihoa is nearby!
Laleihoa gestures.
Laleihoa flickers and vanishes!
Found a leather armour.
There is a fountain of clear blue water here.
A bolt of cold appears from out of thin air!
The bolt of cold hits you. You resist.
Laleihoa appears from thin air!
Laleihoa gestures.
Laleihoa flickers and vanishes!
There is an open door here.
There is a staircase leading out of the dungeon here.
You have escaped!

*,* #.#..## * *
###...# ** * , ,
, ,
#####.{.######
*, ** * , ,
#..##.○......[ ,
, , *
#..##.....[...
*,
#..##..####### *
* , ,*
#..'...########
#..##.{##.....#
* ,
*#..##...'..@..#
, ,,
#..##..##.....#
, ***
#####..########
* ,, * #..# * *
* * , .... , ,*
* * #.##.#* , ,
* , , #. .# * #.
.# *, *** * *#.
.., *,* * ,


There were no monsters in sight!

Vanquished Creatures
  2 pandemonium lords
  Sojobo (Depths:2)
  A curse toe (Zot:2)
  A caustic shrike (Depths:3)
  A golden dragon (Depths:3)
  2 bone dragons
  An electric golem (Zot:1)
  A Tzitzimitl (Depths:1)
  2 tentacled monstrosities
  3 Orb Guardians
  2 titans
  2 quicksilver dragons (Zot:1)
  2 krakens (Shoals:2)
  A death cob (Zot:1)
  2 tentacled starspawn
  6 shadow dragons
  4 Executioners
  5 tengu reavers
  3 draconian monks (Depths:5)
  5 nagarajas
  11 frost giants
  A ghost moth (Zot:3)
  2 balrugs
  5 draconian scorchers
  4 fire giants
  3 angels
  Louise (Depths:1)
  3 draconian annihilators
  13 stone giants
  20 very ugly things
  3 green draconians
  A deep elf demonologist (Depths:3)
  2 vampire knights
  A yellow draconian (Zot:1)
  7 spark wasps
  8 black draconians
  A red draconian (Zot:1)
  2 white draconians
  9 ettins
  4 purple draconians
  2 merfolk javelineers (Shoals:4)
  An ettin (shapeshifter) (Depths:2)
  A green death (D:9)
  3 jiangshi (Depths:1)
  5 ogre magi
  5 merfolk impalers
  3 yaktaur captains
  5 fire dragons
  A blizzard demon (D:3)
  A hell beast (D:15)
  Erolcha (D:12)
  5 ice dragons
  3 hydras
  13 naga warriors
  8 great orbs of eyes
  7 rakshasas
  2 vault guards (D:14)
  5 spriggan air magi
  10 anacondas
  10 centaur warriors
  A death knight (D:11)
  2 merfolk avatars
  3 deep troll shamans
  2 merfolk aquamancers (Shoals:4)
  16 two-headed ogres
  4 deep troll earth magi
  A titan zombie (Abyss:1)
  5 naga sharpshooters (Snake:4)
  3 thrashing horrors
  An orc high priest (Orc:1)
  13 tengu warriors
  Urug (D:10)
  3 satyrs
  A sun demon (D:3)
  2 spriggan berserkers
  3 iron trolls
  3 sixfirhies
  4 flayed ghosts
  7 salamander mystics
  10 deep trolls
  4 skeletal warriors
  9 spatial maelstroms
  An unseen horror (shapeshifter) (Depths:1)
  7 sea snakes
  3 glowing orange brains
  2 wizards
  An anaconda zombie (Abyss:1)
  4 unseen horrors
  2 lindwurms
  7 naga ritualists
  2 shadow demons
  2 phantasmal warriors (Depths:5)
  A wolf spider zombie (D:14)
  4 orc knights
  A deep elf mage (D:14)
  5 orc sorcerers
  A harpy (shapeshifter) (Depths:1)
  4 necromancers
  A fire giant zombie (Abyss:2)
  10 mana vipers
  19 ugly things
  16 salamanders
  3 cyclopes
  6 manticores
  4 fauns (Shoals:2)
  A salamander (shapeshifter) (D:14)
  3 worldbinders
  An apocalypse crab (Abyss:2)
  5 moths of wrath (Zot:1)
  17 black mambas
  4 water nymphs
  A toenail golem (Depths:2)
  7 guardian serpents (Snake:4)
  3 centaur zombies
  3 orange demons
  2 smoke demons (Abyss:1)
  4 naga magi
  4 gargoyles
  2 cane toads (Lair:3)
  A torpor snail (Lair:2)
  2 kobold demonologists
  3 hellions
  3 efreet
  21 yaktaurs
  2 tormentors
  3 ice devils
  2 freezing wraiths
  A ghost moth simulacrum (Abyss:2)
  An ancient zyme (Abyss:1)
  2 red devils (D:3)
  A silent spectre (Abyss:1)
  A queen bee (shapeshifter) (D:14)
  A hellwing (Abyss:2)
  3 meliai (D:13)
  17 merfolk
  5 tengu conjurers
  A hydra skeleton (Abyss:2)
  8 trolls
  A polar bear (Lair:2)
  12 hippogriffs
  17 raiju
  4 hornets
  A hornet (shapeshifter) (Depths:4)
  15 slime creatures
  A harpy skeleton (D:15)
  4 wind drakes
  5 snapping turtles
  7 blink frogs
  An ettin zombie (Abyss:2)
  4 dream sheep
  A fire giant simulacrum (Abyss:1)
  2 vampires
  4 flying skulls (Abyss:4)
  2 shadows
  A centaur simulacrum (D:13)
  17 large abominations
  3 spriggans (shapeshifter)
  5 water elementals
  2 tarantellas (shapeshifter)
  4 ynoxinuls
  4 wraiths
  10 yaks
  2 wyverns
  A basilisk (shapeshifter) (D:14)
  A fire elemental (Depths:3)
  19 humans (D:14)
  4 fire bats (Depths:3)
  5 basilisks
  2 chaos spawn
  Grum (D:10)
  2 vampire mosquitoes (D:13)
  Menkaure (D:6)
  3 neqoxecs
  A steam dragon (D:15)
  7 spatial vortices
  3 wargs
  A warg (shapeshifter) (D:13)
  18 small abominations
  An insubstantial wisp (Abyss:2)
  27 nagas
  6 hell hounds
  4 water moccasins
  A floating eye (Depths:2)
  29 orc warriors
  8 porcupines
  5 eyes of draining
  37 starcursed masses
  5 sky beasts
  A hornet zombie (D:10)
  8 ice beasts
  A necrophage (D:5)
  A black bear (D:6)
  2 phantoms
  16 ogres
  4 wolves (D:10)
  19 centaurs
  7 crocodiles
  A big kobold (D:15)
  An earth elemental (Abyss:1)
  13 bullfrogs
  3 gnoll sergeants (D:6)
  2 wyvern zombies
  10 scorpions
  A wyvern skeleton (D:9)
  A water moccasin skeleton (D:10)
  2 killer bees (D:13)
  19 wights
  A howler monkey (D:5)
  4 bullfrog zombies
  5 jellies
  2 quasits
  12 hounds
  24 orc priests
  3 gnoll shamans (D:6)
  37 orc wizards
  Ijyb (D:4)
  3 bullfrog skeletons
  6 centaur skeletons
  3 iron imps
  2 iguanas
  Natasha (thrice) (D:4)
  10 worker ants
  A hound zombie (D:7)
  2 hound skeletons
  46 gnolls
  12 adders
  An ogre simulacrum (Abyss:2)
  7 white imps
  6 ufetubi
  An ooze (D:2)
  An adder zombie (D:7)
  A worm (D:2)
  A dart slug (D:4)
  2 leopard geckos
  83 orcs
  A ball python (D:4)
  5 giant cockroaches
  7 goblins
  2 hobgoblins (D:2)
  10 jackals
  8 kobolds
  5 quokkas
  A bat (D:2)
  3 frilled lizards
  4 rats
  A bush (Lair:3)
  5 starspawn tentacles
  8 tentacles (Shoals:2)
1351 creatures vanquished.

Vanquished Creatures (collateral kills)
  A nagaraja (Snake:4)
  A hydra (D:13)
  2 naga sharpshooters (Snake:4)
  3 naga ritualists (Snake:4)
  A mana viper (Snake:4)
  2 naga magi (Snake:4)
  2 black mambas (Snake:4)
  A blink frog (Lair:2)
  6 nagas (Snake:4)
19 creatures vanquished.

Vanquished Creatures (others)
  A storm dragon (Zot:1)
  A stone giant (Depths:2)
  3 black draconians
  An ettin (Depths:3)
  An orc high priest (Orc:2)
  An unseen horror (Abyss:2)
  A black mamba (Snake:4)
  A water elemental (Shoals:4)
  A quasit (D:14)
  2 orc wizards
  10 fungi
  36 plants
  4 starspawn tentacles
  17 tentacles (Shoals:2)
80 creatures vanquished.

Grand Total: 1450 creatures vanquished

Notes
Turn   | Place    | Note
-------+----------+-------------------------------------------
     0 | D:1      | Flugslaktarn the Deep Dwarf Fighter began the quest for the
                  | Orb.
     0 | D:1      | Reached XP level 1. HP: 20/20 MP: 1/1
   157 | D:2      | Reached XP level 2. HP: 25/27 MP: 2/2
   243 | D:2      | Reached skill level 3 in Fighting
   320 | D:3      | Found an opulent altar of Gozag.
   342 | D:3      | Reached XP level 3. HP: 29/34 MP: 3/3
   528 | D:4      | Noticed Natasha
   538 | D:4      | Killed Natasha
   576 | D:4      | Noticed a scorpion
   587 | D:4      | Killed a scorpion
   587 | D:4      | Reached XP level 4. HP: 20/43 MP: 4/4
   591 | D:4      | Noticed Ijyb
   607 | D:4      | Killed Ijyb
   607 | D:4      | Reached XP level 5. HP: 50/50 MP: 5/5
   648 | D:4      | Found a glowing golden altar of the Shining One.
   648 | D:4      | Found a snail-covered altar of Cheibriados.
   648 | D:4      | Found a basalt altar of Yredelemnul.
   905 | D:4      | Noticed Natasha
   913 | D:4      | Killed Natasha
   945 | D:4      | Reached skill level 4 in Fighting
   950 | D:4      | Noticed an ogre
   953 | D:4      | Killed an ogre
   953 | D:4      | Reached XP level 6. HP: 43/57 MP: 6/6
   954 | D:4      | Noticed Natasha
   962 | D:4      | Killed Natasha
  1044 | D:4      | Found a radiant altar of Vehumet.
  1245 | D:4      | Reached skill level 5 in Axes
  1446 | D:5      | Entered Level 5 of the Dungeon
  1470 | D:5      | Found a glowing golden altar of the Shining One.
  1484 | D:5      | Reached XP level 7. HP: 52/66 MP: 7/7
  1616 | D:5      | Reached skill level 5 in Fighting
  1804 | D:5      | Reached skill level 5 in Armour
  1816 | D:5      | Reached skill level 5 in Shields
  1936 | D:5      | Reached XP level 8. HP: 50/76 MP: 7/7
  1973 | D:5      | Reached skill level 6 in Fighting
  2236 | D:6      | Found Ceddy's Gadget Shop.
  2483 | D:6      | Noticed Menkaure
  2496 | D:6      | Killed Menkaure
  2496 | D:6      | Gained mutation: You passively map the area around you.
                  | [Deep Dwarf growth]
  2496 | D:6      | Reached XP level 9. HP: 32/85 MP: 6/6
  2569 | D:6      | Reached skill level 7 in Fighting
  2682 | D:6      | Found Jur Waguyrch's Antique Armour Emporium.
  3023 | D:6      | Bought a condenser vane (2/2) for 300 gold pieces
  3097 | D:7      | Found an ornate altar of the Wu Jian Council.
  3235 | D:7      | Found a staircase to the Ecumenical Temple.
  3750 | D:8      | Reached skill level 8 in Fighting
  3963 | Temple   | Entered the Ecumenical Temple
  4110 | Temple   | Became a worshipper of Makhleb the Destroyer
  4481 | D:8      | Reached skill level 1 in Invocations
  4487 | D:8      | Reached XP level 10. HP: 88/96 MP: 6/6
  4908 | D:9      | Reached * piety under Makhleb
  5004 | D:9      | Found a runed translucent door.
  5093 | D:9      | Found a staircase to the Orcish Mines.
  5139 | D:9      | Reached skill level 10 in Axes
  5443 | D:9      | Noticed an orc knight
  5455 | D:10     | Entered Level 10 of the Dungeon
  5455 | D:10     | Noticed Grum
  5481 | D:10     | Killed Grum
  5481 | D:10     | Reached skill level 9 in Fighting
  5503 | D:9      | Killed an orc knight
  5503 | D:9      | Reached skill level 1 in Evocations
  5720 | D:9      | Noticed an orc knight
  5723 | D:9      | Reached ** piety under Makhleb
  5736 | D:9      | Killed an orc knight
  5739 | D:9      | Found a roughly hewn altar of Beogh.
  5812 | D:10     | Noticed an ogre mage
  5837 | D:10     | Killed an ogre mage
  5837 | D:10     | Reached XP level 11. HP: 59/106 MP: 8/8
  5969 | D:10     | Noticed Urug
  5983 | D:10     | Killed Urug
  6070 | D:10     | Found a staircase to the Lair.
  6259 | D:10     | Reached skill level 5 in Invocations
  6551 | D:10     | Killed an unseen horror
  6580 | D:10     | Noticed a tengu warrior
  6611 | D:10     | Killed a tengu warrior
  6611 | D:10     | Reached skill level 10 in Fighting
  6618 | D:10     | Noticed a cyan ugly thing
  6636 | D:10     | Killed a cyan ugly thing
  6745 | D:11     | Noticed a two-headed ogre
  6758 | D:11     | Killed a two-headed ogre
  6923 | D:11     | Got a pair of shimmering boots
  6934 | D:11     | Identified the +2 pair of boots of Lesser Demons {rPois rF-
                  | MR- Str+4} (You found it on level 11 of the Dungeon)
  6983 | D:11     | Noticed a skeletal warrior
  6988 | D:11     | Noticed a skeletal warrior
  6989 | D:11     | Noticed a skeletal warrior
  6999 | D:11     | Killed a skeletal warrior
  7007 | D:11     | Killed a skeletal warrior
  7007 | D:11     | Reached *** piety under Makhleb
  7024 | D:11     | Killed a skeletal warrior
  7024 | D:11     | Reached skill level 5 in Evocations
  7073 | D:11     | Reached XP level 12. HP: 83/117 MP: 10/10
  7348 | D:11     | Noticed a death knight
  7376 | D:11     | Killed a death knight
  7886 | D:12     | Noticed Erolcha
  7895 | D:12     | Killed Erolcha
  8690 | D:13     | Reached skill level 11 in Fighting
  8693 | D:13     | Noticed a five-headed hydra
  8706 | D:13     | Killed a seven-headed hydra
  8735 | D:13     | Noticed a five-headed hydra
  8739 | D:13     | Noticed a seven-headed hydra
  8757 | D:13     | Killed an 11-headed hydra
  8759 | D:13     | Killed a 12-headed hydra
  8856 | D:13     | Reached **** piety under Makhleb
  8860 | D:13     | Noticed a centaur warrior
  8869 | D:13     | Killed a centaur warrior
  8947 | D:13     | Reached XP level 13. HP: 74/127 MP: 11/13
  9117 | D:13     | Reached skill level 10 in Shields
  9117 | D:13     | Reached skill level 10 in Armour
  9123 | D:13     | Noticed an ettin
  9149 | D:13     | Killed an ettin
  9276 | D:13     | Got a smoking ivory ring
  9655 | D:13     | Reached ***** piety under Makhleb
  9799 | D:13     | Identified the cursed ring "Ruuzxah" {rF+ Int-4} (You found
                  | it on level 13 of the Dungeon)
 10062 | D:14     | Reached skill level 12 in Fighting
 10094 | D:14     | Found a gate to the Vaults.
 10272 | D:14     | Found a glowing golden altar of the Shining One.
 10848 | D:14     | Gained mutation: You resist negative energy. (rN+) [Deep
                  | Dwarf growth]
 10848 | D:14     | Reached XP level 14. HP: 138/138 MP: 15/15
 10867 | D:14     | Noticed a fire giant
 10887 | D:14     | Killed a fire giant
 10921 | D:14     | Noticed a fire giant
 10945 | D:14     | Killed a fire giant
 10946 | D:14     | Noticed a tengu reaver
 10973 | D:14     | Killed a tengu reaver
 11006 | D:14     | Reached skill level 10 in Invocations
 11040 | D:14     | Got a serpentine wooden ring
 11224 | D:15     | Entered Level 15 of the Dungeon
 11344 | D:15     | Found a sparkling altar of Nemelex Xobeh.
 11425 | D:15     | Reached ****** piety under Makhleb
 11530 | D:15     | Found a shimmering blue altar of Sif Muna.
 11583 | D:15     | Found a staircase to the Depths.
 11583 | D:15     | Noticed a frost giant
 11593 | D:15     | Killed a frost giant
 11659 | D:15     | Reached skill level 13 in Fighting
 11757 | D:15     | Reached skill level 15 in Axes
 12245 | Orc:1    | Entered Level 1 of the Orcish Mines
 12276 | Orc:1    | Reached skill level 10 in Evocations
 12390 | Orc:1    | Reached XP level 15. HP: 111/148 MP: 16/16
 12796 | Orc:2    | Entered Level 2 of the Orcish Mines
 12967 | Orc:2    | Found a dark tunnel.
 12976 | Volcano  | Entered a volcano
 13190 | Orc:2    | Found Niocugg's Distillery.
 13190 | Orc:2    | Found Zewidueh's Gadget Shop.
 13190 | Orc:2    | Found Soholiat's General Store.
 13195 | Orc:2    | Found Kuterr's Distillery.
 13273 | Orc:2    | Found a staircase to the Elven Halls.
 13719 | Lair:1   | Entered Level 1 of the Lair of Beasts
 13909 | Lair:2   | Identified the ring "Vegaots" {rPois AC+4 Str+2} (You found
                  | it on level 14 of the Dungeon)
 15168 | Lair:3   | Found a staircase to the Shoals.
 15204 | Lair:3   | Found a staircase to the Snake Pit.
 15489 | Snake:1  | Entered Level 1 of the Snake Pit
 15768 | Snake:2  | Found Jiymof Zum's Book Emporium.
 15878 | Snake:3  | Noticed a nagaraja
 15896 | Snake:3  | Killed a nagaraja
 16092 | Snake:3  | Reached skill level 14 in Fighting
 16169 | Snake:4  | Entered Level 4 of the Snake Pit
 16233 | Snake:4  | Reached XP level 16. HP: 120/159 MP: 11/18
 16440 | Snake:4  | Reached skill level 1 in Dodging
 16674 | Snake:4  | Got a serpentine rune of Zot
 16866 | Shoals:1 | Entered Level 1 of the Shoals
 17149 | Shoals:2 | Noticed a kraken
 17159 | Shoals:2 | Killed a kraken
 17161 | Shoals:2 | Noticed a kraken
 17184 | Shoals:2 | Killed a kraken
 17203 | Shoals:2 | Noticed a kraken
 17289 | Shoals:3 | Reached skill level 15 in Fighting
 17315 | Shoals:3 | Reached XP level 17. HP: 159/170 MP: 18/18
 17443 | Shoals:4 | Entered Level 4 of the Shoals
 18082 | Shoals:4 | Got a barnacled rune of Zot
 18469 | Depths:1 | Entered Level 1 of the Depths
 18604 | Depths:1 | Reached skill level 5 in Dodging
 18706 | Depths:1 | Noticed Louise
 18717 | Depths:1 | Gained mutation: You passively map a large area around you.
                  | [Deep Dwarf growth]
 18717 | Depths:1 | Reached XP level 18. HP: 181/181 MP: 18/18
 18728 | Depths:1 | Killed Louise
 18856 | Depths:2 | Reached skill level 16 in Fighting
 18910 | Depths:2 | Noticed Sojobo
 18943 | Depths:2 | Killed Sojobo
 19017 | Depths:2 | Identified a scroll of acquirement
 19017 | Depths:2 | Acquired 750 gold pieces
 19276 | Orc:2    | Bought a potion of resistance for 110 gold pieces
 19276 | Orc:2    | Bought a potion of resistance for 110 gold pieces
 19379 | D:6      | Bought the +9 scales of the Dragon King {rPois rF+ rC+ MR+}
                  | for 2745 gold pieces
 19379 | D:6      | Found the +9 scales of the Dragon King {rPois rF+ rC+ MR+}
 19784 | Depths:3 | Reached skill level 15 in Invocations
 19813 | Depths:3 | Reached XP level 19. HP: 174/190 MP: 20/20
 19828 | Depths:3 | Reached skill level 17 in Fighting
 19929 | Depths:3 | Noticed a golden dragon
 19940 | Depths:3 | Killed a golden dragon
 20019 | Depths:3 | Noticed a caustic shrike
 20037 | Depths:3 | Killed a caustic shrike
 20189 | Depths:4 | Found a runed translucent gate.
 20189 | Depths:4 | Found a runed translucent gate.
 20189 | Depths:4 | Found a runed translucent gate.
 20190 | Depths:4 | Found the +2 Maxwell's thermic engine {flame, freeze}
 20190 | Depths:4 | Found a runed translucent gate.
 20190 | Depths:4 | Found a runed translucent gate.
 20190 | Depths:4 | Found a runed translucent gate.
 20190 | Depths:4 | Noticed a Brimstone Fiend
 20248 | Depths:4 | Found a one-way gate to the infinite horrors of the Abyss.
 20274 | Depths:4 | Reached skill level 15 in Armour
 20295 | Depths:4 | Voluntarily entered the Abyss.
 20396 | Abyss:1  | Found a corrupted altar of Lugonu.
 20508 | Abyss:1  | Reached skill level 15 in Shields
 20682 | Abyss:1  | Paralysed by accursed screaming for 1 turns
 20960 | Abyss:1  | Found a corrupted altar of Lugonu.
 21008 | Abyss:1  | Found a corrupted altar of Lugonu.
 21214 | Abyss:1  | Noticed a bone dragon
 21250 | Abyss:1  | Killed a bone dragon
 21250 | Abyss:1  | Reached skill level 10 in Dodging
 21558 | Abyss:1  | Paralysed by accursed screaming for 1 turns
 21623 | Abyss:1  | Found a corrupted altar of Lugonu.
 21691 | Abyss:1  | Found an opulent altar of Gozag.
 22135 | Abyss:2  | Reached skill level 18 in Fighting
 22472 | Abyss:2  | Reached XP level 20. HP: 199/204 MP: 21/21
 22553 | Abyss:2  | Paralysed by you for 4 turns
 22830 | Abyss:4  | Noticed a bone dragon
 22860 | Abyss:4  | Killed a bone dragon
 22898 | Abyss:4  | Got an abyssal rune of Zot
 22908 | Depths:4 | Escaped the Abyss
 22924 | Depths:5 | Entered Level 5 of the Depths
 22936 | Depths:5 | Found a gateway to Hell.
 23023 | Depths:5 | Found a glowing golden altar of the Shining One.
 23173 | Depths:5 | Found a one-way gate leading to the halls of Pandemonium.
 23246 | Depths:5 | Found a gate to the Realm of Zot.
 23294 | Zot:1    | Entered Level 1 of the Realm of Zot
 23341 | Zot:1    | Reached skill level 19 in Fighting
 23556 | Zot:2    | Noticed a curse toe
 23561 | Zot:2    | Reached XP level 21. HP: 139/216 MP: 20/20
 23587 | Zot:2    | Killed a curse toe
 23844 | Zot:4    | Got a pair of jewelled gloves
 23845 | Zot:4    | Identified the +2 pair of gloves of the Elephant {MR+} (You
                  | found it on level 4 of the Realm of Zot)
 23913 | Zot:5    | Entered Level 5 of the Realm of Zot
 24032 | Zot:5    | Noticed a Killer Klown
 24036 | Zot:5    | Noticed an ancient lich
 24036 | Zot:5    | Noticed an ancient lich
 24037 | Zot:5    | Noticed an orb of fire
 24046 | Zot:5    | Noticed an orb of fire
 24046 | Zot:5    | Gained mutation: You are weak. (Str -2) [an orb of fire]
 24049 | Zot:5    | Got the Orb of Zot
 24078 | Zot:5    | Noticed Uxomyug the pandemonium lord
 24813 | D:9      | Noticed Umnunod the pandemonium lord
 24866 | D:9      | Killed Umnunod the pandemonium lord
 25006 | D:3      | Noticed Irotix the pandemonium lord
 25057 | D:3      | Killed Irotix the pandemonium lord
 25072 | D:3      | Reached skill level 20 in Fighting
 25168 | D:1      | Noticed Laleihoa the pandemonium lord
 25203 | D:$      | Escaped with the Orb!

Illustrated notes

Levels and vault maps discovered:
D:1:      dpeg_arrival_rooms_a, layout_loops_ring,
          chequers_serial_rivers_micro_b
D:2:      layout_basic, minitemple, bh_walls_and_bars, uniq_robin
D:3:      layout_basic, nicolae_overflow_crystal_walls, fedhas_altar_4,
          ebering_ghost_gozag
D:4:      layout_loops_corners, vehumet_crystals,
          gammafunk_temple_overflow_claw, uniq_ijyb, uniq_natasha
D:5:      layout_loops_cross, basic_altar
D:6:      layout_cave_pools, serial_gnoll_camp, gnoll_camp_mini_shop,
          gnoll_camp_huts_moat, gnoll_camp_mini_sergeant, gnoll_camp_mini_house,
          gnoll_camp_mini_shop, gnoll_camp_mini_doghouse, serial_park_tiny_1,
          uniq_menkaure
D:7:      layout_loops_cross, lemuel_doored_altar,
          minmay_temple_entry_from_below_a, chequers_avenue
D:8:      layout_basic
D:9:      layout_roguey, david_orc_2, lightli_church_of_beogh
D:10:     minmay_chambers_of_sevens, layout_basic,
          grunt_lair_entry_orc_guard_hut, minmay_bent, uniq_urug, uniq_grum
D:11:     layout_stronghold, st_stairs_3
D:12:     layout_irregular_city, uniq_erolcha
D:13:     minmay_the_grid_square_5x5_5x5 [minmay_the_grid_square_5x5_tri_point,
          minmay_the_grid_square_5x5_inner_z,
          minmay_the_grid_square_5x5_pentomino_r,
          minmay_the_grid_square_5x5_seven,
          minmay_the_grid_square_5x5_spiral_small,
          minmay_the_grid_square_5x5_broken_cross,
          minmay_the_grid_square_5x5_prize_deathbox,
          minmay_the_grid_square_5x5_longway,
          minmay_the_grid_square_5x5_prize_junk,
          minmay_the_grid_square_5x5_checkered_sparse,
          minmay_the_grid_square_5x5_z,
          minmay_the_grid_square_5x5_half_checkered,
          minmay_the_grid_square_5x5_prize_monsterx,
          minmay_the_grid_square_5x5_bracketed,
          minmay_the_grid_square_5x5_two_small,
          minmay_the_grid_square_5x5_lines,
          minmay_the_grid_square_5x5_prize_snowflake,
          minmay_the_grid_square_5x5_eight_small,
          minmay_the_grid_square_5x5_prize_rear_guard,
          minmay_the_grid_square_5x5_moneybag,
          minmay_the_grid_square_5x5_minimal,
          minmay_the_grid_square_5x5_minibox, minmay_the_grid_square_5x5_empty,
          minmay_the_grid_square_5x5_fancy_junction,
          minmay_the_grid_square_5x5_forky], layout_small_grid
D:14:     evilmike_diamond_1, layout_layer_cave, grunt_vaults_entry_tiered,
          minivault_11, tso_metal_star
D:15:     grunt_enter_depths_snipers, layout_irregular_city,
          minmay_crystal_water, basic_altar, lemuel_centaur_altar
Temple:   nicolae_temple_figure_eight
Lair:1:   layout_cellular_growth, chequers_serial_rivers_micro_c,
          serial_bayou_shore_b, minmay_lair_oklob_chamber
Lair:2:   layout_small_grid, serial_bayou_shore_b, infiniplex_staircase_pool_2,
          grunt_megastairs_2
Lair:3:   layout_regular_city, elwin_shoals_entry_rocks, dummy_snake_entry
Shoals:1: layout_shoals
Shoals:2: cheibrodos_shoals_satyrical_garden, layout_shoals,
          nicolae_shoals_kraken_party
Shoals:3: cheibrodos_shoals_roost, layout_shoals, ldierk_geyser
Shoals:4: shoals_end_grunt_ice, layout_shoals
Snake:1:  layout_honeycomb, uniq_asterion, uniq_nikola, uniq_jorgrun
Snake:2:  layout_onion_interference, serial_shops, shop_statue,
          nicolae_shop_trees, guppyfry_snake_island, serial_bayou_shore_b
Snake:3:  layout_onion
Snake:4:  johnstein_snake_rune_scales, layout_rooms, special_room, uniq_aizul
Orc:1:    layout_caves
Orc:2:    st_orc_mages, layout_diamond_mine, nicolae_volcano_entry_vermiform,
          nicolae_orc_damp_corner
Depths:1: layout_cave_pools, enter_ziggurat_c,
          nicolae_abyss_entry_one_way_or_another, grunt_hell_entry_dis_grunt,
          hangedman_decor_push, kennysheep_generic_room_15
Depths:2: minmay_bad_star, layout_cave_shapes, hell_entry,
          minmay_misc_feat_hallway, glass_columns_a, st_stairs_8, uniq_sojobo
Depths:3: hangedman_arch_fort, layout_basic, nicolae_twisting_strands,
          rand_demon_pan_entry_9, hell_entry, enter_trove_1
Depths:4: regret_index_uskayaw_diablada_macabre, layout_cave_pools,
          abyss_entry_small_statue_room, serial_shops, kennysheep_mini,
          nicolae_shop_waterfront, nicolae_shop_temple_entry_statues_fountains,
          kennysheep_mini_moat, shop, serial_glass, glass_columns_a,
          glass_columns_c, glass_columns_a, glass_columns_c, hell_entry,
          serial_sigils_hangedman_stare, kennysheep_donut,
          brannock_guarded_unrand_thermic_engine
Depths:5: lemuel_castle_with_subvaults [lemuel_castle_interior_original],
          layout_basic, pan_entry, lemuel_crystal_altar, hell_entry,
          kennysheep_flooded_box
Zot:1:    infiniplex_zot_generator, layout_misc_corridors, zot_minivault_3,
          uniq_tiamat
Zot:2:    layout_onion
Zot:3:    layout_concentric_octagons
Zot:4:    layout_twisted_circle
Zot:5:    layout_gridville, grunt_ministairs_14

Skill      XL: |  1  2  3  4  5  6  7  8  9 10 11 12 13 14 15 16 17 18 19 20 21 |
---------------+----------------------------------------------------------------+-----
Fighting       | 3 4 5 6 8 9 10 11 12 13 14 15 16 18 19 20 | 20.0
Axes           | 3 4 5 6 7 9 10 11 12 14 15 16 17 18 | 18.0
Armour         | 4 5 6 7 8 9 10 11 12 13 14 15 16 17 | 17.3
Shields        | 4 5 6 7 8 9 10 11 12 13 14 15 16 17 | 17.3
Invocations    | 1 4 6 8 9 10 12 13 14 15 | 15.0
Evocations     | 2 5 7 8 10 | 10.0
Dodging        | 4 6 8 10 11 | 11.0

Action                   |  1- 3 |  4- 6 |  7- 9 | 10-12 | 13-15 | 16-18 | 19-21 || total
-------------------------+-------+-------+-------+-------+-------+-------+-------++-------
Melee: War axe           |    98 |   122 |   506 |   211 |       |       |       ||   937
       Broad axe         |       |       |       |   557 |  1279 |  1011 |  1724 ||  4571
Invok: Lesser Servant of |       |       |       |     2 |     2 |       |       ||     4
       Greater Servant o |       |       |       |       |       |     1 |       ||     1
 Abil: Heal Wounds       |     1 |     2 |    14 |    17 |     7 |    10 |    35 ||    86
Evoke: Condenser vane    |       |       |       |     4 |     1 |     6 |     3 ||    14
       Wand              |       |       |       |     1 |       |       |       ||     1
  Use: Scroll            |       |       |    15 |    14 |    18 |     6 |    16 ||    69
       Potion            |       |       |       |       |     1 |     1 |     6 ||     8
 Stab: Distracted        |       |       |       |       |       |     2 |       ||     2
Armor: Scale mail        |    48 |     3 |       |       |       |       |       ||    51
       Chain mail        |       |    55 |   316 |   490 |   689 |   362 |       ||  1912
       Gold dragon scale |       |       |       |       |       |    96 |   879 ||   975
Dodge: Dodged            |    20 |    29 |   146 |   164 |   425 |   389 |   497 ||  1670
Block: Kite shield       |    49 |    66 |   360 |   663 |  1296 |   706 |       ||  3140
       Reflection        |       |       |       |    13 |    83 |   119 |    38 ||   253
       Tower shield      |       |       |       |       |       |   358 |  2213 ||  2571

Table legend: (Time is in decaauts)
 A = Elapsed time spent in this place.
 B = Non-inter-level travel time spent in this place.
 C = Inter-level travel time spent in this place.
 D = Time resting spent in this place.
 E = Time spent auto-exploring this place.
 F = Levels seen in this place.
 G = Mean time per level.
                   A        B        C        D        E       F      G
               +--------+--------+--------+--------+--------+-----+--------+
         Total |  24740 |  22120 |   2620 |    458 |  12833 |  44 |  562.3 |
       Dungeon |  13607 |  11964 |   1643 |    246 |   7534 |  15 |  907.1 |
        Temple |    167 |    132 |     35 |      0 |    129 |   1 |  167.0 |
          Lair |   1837 |   1658 |    179 |      0 |   1385 |   3 |  612.3 |
        Shoals |   1334 |   1155 |    179 |     65 |    431 |   4 |  333.5 |
     Snake Pit |   1269 |   1073 |    196 |      0 |    506 |   4 |  317.2 |
  Orcish Mines |   1424 |   1306 |    118 |      0 |    853 |   2 |  712.0 |
        Depths |   1795 |   1659 |    136 |      8 |    503 |   5 |  359.0 |
           Zot |    839 |    708 |    131 |    116 |    220 |   5 |  167.8 |
         Abyss |   2431 |   2431 |      0 |     23 |   1271 |   4 |  607.8 |
       Volcano |     32 |     32 |      0 |      0 |      0 |   1 |   32.0 |
               +--------+--------+--------+--------+--------+-----+--------+

Top non-repeatable levels by time:
    D:14: 1386 daAuts
 Abyss:1: 1369 daAuts
    D:13: 1320 daAuts
     D:9: 1274 daAuts
    D:15: 1203 daAuts
    D:11: 1140 daAuts
    D:10: 1111 daAuts
     D:8: 1001 daAuts
    D:12: 998 daAuts
     D:4: 988 daAuts
     D:6: 954 daAuts
  Lair:2: 892 daAuts
 Abyss:2: 855 daAuts
   Orc:2: 853 daAuts
     D:5: 800 daAuts
